 Dungeon Crawl Stone Soup version 0.29.1-1-gd02db6906a (webtiles) character file.

Game seed: 15600444038693704851

45 NullDivider the Stinger (level 3, 0/21 HPs)
             Began as an Octopode Venom Mage on Sept 27, 2022.
             Slain by Grinder (1 damage)
             ... on level 3 of the Dungeon.
             The game lasted 00:05:47 (2068 turns).

NullDivider the Stinger (Octopode Venom Mage)       Turns: 2068, Time: 00:05:47

Health: 0/21       AC:  1    Str:  7    XL:     3   Next: 64%
Magic:  0/6        EV: 13    Int: 19    God:
Gold:   70         SH:  0    Dex: 12    Spells: 3/6 levels left

rFire   . . .      SeeInvis .   (no weapon)
rCold   . . .      Faith    .   (no shield)
rNeg    . . .      Spirit   .   (helmet restricted)
rPois   .          Reflect  .   (no amulet)
rElec   .          Harm     .   f - ring of flight
rCorr   .          Rampage  .   (no ring)
Will    .....                   (no ring)
Stlth   +++.......              (no ring)
HPRegen 0.07/turn               (no ring)
MPRegen 0.10/turn               (no ring)
                                (no ring)
                                (no ring)

@: flying
A: almost no armour, amphibious, 8 rings, camouflage 1, gelatinous body 1,
(nimble swimmer 1), tentacles
a: no special abilities


You were on level 3 of the Dungeon.
You visited 1 branch of the dungeon, and saw 3 of its levels.

You collected 70 gold pieces.

Inventory:

Jewellery
 f - a ring of flight (left tentacle)
Scrolls
 b - a scroll of noise {unknown}
 e - a scroll of enchant armour {unknown}
 h - a scroll of fear {unknown}
 i - a scroll of identify {unknown}
Potions
 a - a potion of magic
 c - 2 potions of flight {unknown}
 d - a potion of curing {unknown}
 g - a potion of heal wounds {unknown}


   Skills:
 * Level 2.4 Dodging
 * Level 3.5 Stealth
 * Level 2.4 Spellcasting
 - Level 1.1 Transmutations
 + Level 0.4 Air Magic
 * Level 4.1 Poison Magic


You had 3 spell levels left.
You knew the following spells:

 Your Spells              Type           Power      Damage    Failure   Level
a - Sting                 Tmut/Pois      48%        1d5       5%          1
b - Poisonous Vapours     Pois/Air       22%        N/A       10%         2

Your spell library contained the following spells:

 Spells                   Type           Power      Damage    Failure   Level
 Mephitic Cloud           Conj/Pois/Air  8%         N/A       26%         3
 Frozen Ramparts          Ice            4%         1d1       43%         3
 Summon Guardian Golem    Hex/Summ       2%         N/A       43%         3
 Olgreb's Toxic Radiance  Pois           18%        N/A       30%         4
 Ice Form                 Ice/Tmut       4%         N/A       77%         4
 Summon Ice Beast         Ice/Summ       2%         N/A       85%         4
 Orb of Destruction       Conj           1%         9d5       100%        7
 Spellforged Servitor     Conj/Summ      1%         N/A       100%        7


Dungeon Overview and Level Annotations

Branches:
Dungeon (3/15)

Altars:

Annotations:
D:3 Grinder


Innate Abilities, Weirdness & Mutations

You cannot wear most types of armour.
You are amphibious.
You can wear up to eight rings at the same time.
Your skin changes colour to match your surroundings (Stealth+).
Your rubbery body absorbs attacks. (AC +1, EV +1)
((You are camouflaged when in or above water. (Stealth+)))
You have tentacles for arms and can constrict up to eight enemies at once.


Message History

Aiming: Poisonous Vapours (safe; 10% risk of failure)
Press: ? - help, Dir - move target, f - Grinder
Aim: Grinder Grinder cannot be affected by poisonous vapours!
Casting: Poisonous Vapours (safe; 10% risk of failure)
Confirm with . or Enter, or press ? or * to list all spells.
Okay, then.
You can't see any susceptible monsters within range! (Use Z to cast anyway.)
The sting hits Grinder.
Grinder partially resists.
Grinder is lightly wounded.
The sting hits Grinder.
Grinder partially resists.
Grinder is poisoned.
Grinder is lightly wounded.
The sting hits Grinder.
Grinder partially resists.
Grinder looks even sicker.
Grinder is lightly wounded.
Grinder hits you.
The sting hits Grinder but does no damage.
Grinder looks even sicker.
Grinder is lightly wounded.
Grinder gestures at you. You resist with significant effort.
The sting misses Grinder.
The sting hits the rat.
The rat is poisoned.
You kill the rat!
Grinder hits you!
You writhe in agony.
You are too injured to fight recklessly!
You are too injured to fight recklessly!
You are too injured to fight recklessly!
You are too injured to fight recklessly!
You are too injured to fight recklessly!
Casting: Sting (safe; 5% risk of failure)
Confirm with . or Enter, or press ? or * to list all spells.
Aiming: Sting (safe; 5% risk of failure)
Press: ? - help, Shift-Dir - straight line, f/p - Grinder
Aim: Grinder (moderately wounded, very poisoned, 68% to hit)
The sting hits Grinder but does no damage.
Grinder looks as sick as possible!
Grinder is moderately wounded.
Grinder hits you!
* * * LOW HITPOINT WARNING * * *
You writhe in agony.
You die...

#..........
#.........
#........
....... ..>..
###### .†.
#..... ##5#
#.....####.@#
#........#.##
#........#.#
#........#.#
#........'.#
#####....###
####.# #.#
###########.#


You could see Grinder (extremely poisoned).

Vanquished Creatures
  2 adders (D:3)
  2 dart slugs (D:2)
  An orc (D:3)
  An endoplasm (D:3)
  A giant cockroach (D:1)
  2 goblins (D:1)
  3 hobgoblins
  2 quokkas (D:2)
  A ball python (D:2)
  A bat (D:1)
  4 frilled lizards
  2 kobolds
  3 rats
25 creatures vanquished.

Notes
Turn   | Place    | Note
-------+----------+-------------------------------------------
     0 | D:1      | NullDivider the Octopode Venom Mage began the quest for the
                  | Orb.
     0 | D:1      | Reached XP level 1. HP: 11/11 MP: 3/3
   824 | D:1      | Reached XP level 2. HP: 16/17 MP: 3/5
   847 | D:1      | Learned a level 2 spell: Poisonous Vapours
   948 | D:2      | Identified the +1 leather armour of Wetuezuy {rPois rC-
                  | Regen+ rCorr}
  1632 | D:2      | Reached skill level 4 in Poison Magic
  1854 | D:3      | Reached XP level 3. HP: 21/21 MP: 4/6
  2060 | D:3      | Noticed Grinder
  2068 | D:3      | HP: 1/21 [Grinder (7)]
  2068 | D:3      | Slain by Grinder

Illustrated notes

Levels and vault maps discovered:
D:1:      nzn_arrival_depleted_hourglass, layout_basic
D:2:      layout_basic
D:3:      layout_basic, cheibrodos_sewer_entry_sluice, uniq_grinder

Skill      XL: |  1  2 |
---------------+-------+-----
Stealth        | 3 |  3.5
Poison Magic   | 4 |  4.1
Dodging        | |  2.4
Spellcasting   | |  2.4
Transmutations | |  1.1
Air Magic      | |  0.4

Action                   || total
-------------------------++-------
Melee: Unarmed           ||    28
       Constrict         ||     9
       Tentacles         ||     7
 Cast: Sting             ||    29
       Poisonous Vapours ||     3
 Stab: Sleeping          ||     4
Dodge: Dodged            ||    16
